 Dungeon Crawl Stone Soup version 0.19.5 (webtiles) character file.

4955 tognito the Fighter (level 10, 0/95 HPs)
             Began as a Minotaur Berserker on Mar 22, 2017.
             Was a High Priest of Trog.
             Slain by a killer bee (1 damage)
             ... on level 8 of the Dungeon.
             The game lasted 00:17:12 (7423 turns).

tognito the Fighter (Minotaur Berserker)            Turns: 7423, Time: 00:17:13

Health: 0/95       AC: 22    Str: 25    XL:     10   Next: 28%
Magic:  9/9        EV: 10    Int:  4    God:    Trog [*****.]
Gold:   397        SH:  0    Dex: 10    Spells: 0 memorised, 9 levels left

rFire  . . .     SeeInvis .     a - +0 war axe
rCold  . . .     Gourm    .     t - +0 plate armour
rNeg   . . .     Faith    .     (no shield)
rPois  .         Spirit   .     (helmet restricted)
rElec  +         Reflect  .     p - +1 cloak
rCorr  .         Harm     .     k - +0 pair of gloves
MR     ++...                    y - +0 pair of boots
Stlth  ..........               (no amulet)
                                (no ring)
                                (no ring)

@: lethally poisoned (0 -> -1), exhausted, regenerating, slowed, very slow
A: retaliatory headbutt, horns 2, iridescent scales 1, thin metallic scales 1,
screaming 1, electricity resistance
a: Berserk, Trog's Hand, Brothers in Arms, Burn Spellbooks, Renounce Religion


You were on level 8 of the Dungeon.
You worshipped Trog.
Trog was extremely pleased with you.
You were hungry.

You visited 1 branch of the dungeon, and saw 8 of its levels.

You collected 397 gold pieces.

Inventory:

Hand Weapons
 a - a +0 war axe (weapon)
 b - a +0 shortbow
 w - a +1 hand axe
Missiles
 h - 96 bolts
 j - 150 arrows
Armour
 k - a +0 pair of gloves (worn)
 p - a +1 cloak (worn)
 t - a +0 plate armour (worn)
 y - a +0 pair of boots (worn)
Jewellery
 C - an uncursed ring of fire {unknown}
Wands
 i - a wand of slowing (46/48)
Scrolls
 e - 4 scrolls of recharging
 f - 5 scrolls of remove curse
 g - 15 scrolls of identify
 l - 2 scrolls of blinking
 m - 2 scrolls of teleportation
 o - 3 scrolls of magic mapping
 A - a scroll of enchant armour
 D - a scroll of immolation {unknown}
 G - a scroll of brand weapon {unknown}
Potions
 d - a potion of brilliance
 n - a potion of invisibility
 r - a potion of magic
 s - a potion of berserk rage
 B - a potion of cancellation
 F - a potion of mutation
Comestibles
 c - 5 bread rations
 q - 2 fruits
 u - a beef jerky
 v - a chunk of flesh
 x - 4 meat rations
 E - 2 slices of pizza


   Skills:
 * Level 11.0 Fighting
 * Level 11.0 Axes
 + Level 7.3 Armour
 + Level 7.6 Dodging


You had 9 spell levels left.
You didn't know any spells.

Dungeon Overview and Level Annotations

Branches:
Dungeon (8/15)             Temple (0/1) D:4            Lair (0/6) D:8

Altars:
Fedhas
Gozag
Kikubaaqudgha
Yredelemnul

Shops:
D:5 %

Annotations:
D:7 Pikel
D:8 Grum


Innate Abilities, Weirdness & Mutations

You reflexively headbutt those who attack you in melee.
You have a pair of horns on your head.
You are partially covered in iridescent scales. (AC +2)
You are partially covered in thin metallic scales. (AC +2)
You occasionally shout uncontrollably at your foes.
You are resistant to electric shocks. (rElec)


Message History

The killer bee completely misses you.
Your skin crawls.
You feel resistant to hostile enchantments.
You feel somewhat more hungry.
You feel sick.
The killer bee stings you but does no damage.
The killer bee stings you!
* * * LOW HITPOINT WARNING * * *
The killer bee stings you but does no damage. x2
Grum hits you but does no damage.
The killer bee stings you but does no damage.
The killer bee barely misses you.
Unknown command.
* * * LOW HITPOINT WARNING * * *
You feel very sick.
The killer bee stings you but does no damage. x2
The killer bee barely misses you.
The killer bee stings you but does no damage. x2
* * * LOW HITPOINT WARNING * * *
You feel sick. The killer bee stings you.
You die...

...........## #.#
.........#..# #.#
.).......#..###.#
.........##...#.#
.........##.....#
.##.#########...#
.##...# ###.##
.<#.#># #..#
#.#.### ##@#
#...# #y#######
##..# #yS......
#..# #†#######
##.##


yyg ##.# #.yh. ##.# #..#h# ##.###### #..##% .......... <.## #% You could see
Grum, a wolf, 5 killer bees and an adder.

Vanquished Creatures
  Joseph (D:7)
  A queen bee (D:8)
  A hippogriff (D:8)
  A hungry ghost (D:8)
  Edmund (D:4)
  An orc warrior (D:6)
  3 ice beasts
  Purgy (D:3)
  A phantom (D:8)
  4 ogres
  A centaur (D:6)
  4 bullfrogs
  A gnoll sergeant (D:7)
  2 water moccasin skeletons
  4 scorpions
  4 wights (D:8)
  19 killer bees
  4 crimson imps
  2 centaur zombies
  3 bullfrog zombies
  6 hounds
  A bullfrog skeleton (D:7)
  5 orc priests
  2 jellies
  Crazy Yiuf (D:3)
  2 iguanas
  Natasha (twice) (D:3)
  5 orc wizards
  4 worker ants
  A killer bee zombie (D:8)
  A hound zombie (D:7)
  A worker ant zombie (D:7)
  3 gnolls (D:7)
  10 adders
  A shadow imp (D:4)
  3 oozes
  An adder zombie (D:7)
  2 worms
  4 dart slugs
  7 leopard geckos
  27 orcs
  5 bats
  4 giant cockroaches
  11 goblins
  6 hobgoblins
  10 jackals
  4 quokkas
  4 ball pythons
  6 frilled lizards
  A jackal skeleton (D:6)
  4 kobolds
  5 rats
  A spectral orc (D:4)
209 creatures vanquished.

Vanquished Creatures (collateral kills)
  A scorpion (D:5)
1 creature vanquished.

Grand Total: 210 creatures vanquished

Notes
Turn   | Place    | Note
-------+----------+-------------------------------------------
     0 | D:1      | tognito the Minotaur Berserker began the quest for the Orb.
     0 | D:1      | Reached XP level 1. HP: 19/19 MP: 0/0
   185 | D:1      | Reached XP level 2. HP: 19/27 MP: 1/1
   666 | D:2      | Reached XP level 3. HP: 33/33 MP: 2/2
   850 | D:2      | Found a faded altar of an unknown god.
   948 | D:2      | Found an opulent altar of Gozag.
  1029 | D:2      | Reached ** piety under Trog
  1273 | D:3      | Reached XP level 4. HP: 31/40 MP: 3/3
  1352 | D:3      | Noticed Purgy
  1361 | D:3      | Killed Purgy
  1361 | D:3      | Reached skill level 5 in Axes
  1361 | D:3      | Reached XP level 5. HP: 27/47 MP: 4/4
  1592 | D:3      | Reached skill level 5 in Fighting
  1934 | D:3      | Found a runed door.
  1938 | D:3      | Noticed Crazy Yiuf
  1946 | D:3      | Killed Crazy Yiuf
  2100 | D:3      | Noticed Natasha
  2105 | D:3      | Killed Natasha
  2180 | D:3      | Noticed Natasha
  2188 | D:3      | Killed Natasha
  2188 | D:3      | Reached XP level 6. HP: 48/56 MP: 5/5
  2636 | D:4      | Found a basalt altar of Yredelemnul.
  2667 | D:4      | Noticed Edmund
  2694 | D:4      | Killed Edmund
  2862 | D:4      | Reached XP level 7. HP: 59/63 MP: 6/6
  3068 | D:4      | Reached *** piety under Trog
  3284 | D:4      | Found a staircase to the Ecumenical Temple.
  3504 | D:5      | Entered Level 5 of the Dungeon
  3747 | D:5      | Reached XP level 8. HP: 28/73 MP: 7/7
  3991 | D:5      | Reached skill level 5 in Armour
  3991 | D:5      | Reached skill level 5 in Dodging
  4076 | D:5      | Found Mecweob's Food Shop.
  4356 | D:5      | Found a blossoming altar of Fedhas.
  4848 | D:6      | Reached **** piety under Trog
  5274 | D:6      | Reached XP level 9. HP: 78/82 MP: 8/8
  5533 | D:7      | Noticed Joseph
  5546 | D:7      | Killed Joseph
  5903 | D:7      | Gained mutation: You are resistant to electric shocks. (rElec) [potion of mutation]
  5903 | D:7      | Gained mutation: You occasionally shout uncontrollably at your foes. [potion of mutation]
  5903 | D:7      | Gained mutation: You are partially covered in iridescent scales. (AC +2) [potion of mutation]
  6328 | D:7      | Noticed Pikel
  6350 | D:7      | Reached skill level 10 in Axes
  6429 | D:7      | Found an ancient bone altar of Kikubaaqudgha.
  6633 | D:7      | Gained mutation: You are partially covered in thin metallic scales. (AC +2) [potion of beneficial mutation]
  6713 | D:8      | Reached ***** piety under Trog
  6716 | D:8      | Reached skill level 10 in Fighting
  6786 | D:8      | Found a staircase to the Lair.
  7126 | D:8      | Reached XP level 10. HP: 84/94 MP: 9/9
  7407 | D:8      | Noticed Grum
  7421 | D:8      | HP: 2/95 [killer bee (7)]
  7423 | D:8      | Slain by a killer bee

Skill      XL: |  1  2  3  4  5  6  7  8  9 10 |
---------------+-------------------------------+-----
Axes           | 4 5 6 7 9 10 11 | 11.0
Fighting       | 4 5 6 7 8 10 11 | 11.0
Armour         | 3 4 5 6 7 |  7.3
Dodging        | 3 4 5 7 |  7.6

Action                   |  1- 3 |  4- 6 |  7- 9 | 10-12 || total
-------------------------+-------+-------+-------+-------++-------
Melee: Hand axe          |    78 |   115 |   148 |       ||   341
       Headbutt          |    15 |    19 |    68 |     7 ||   109
       War axe           |       |       |   148 |    85 ||   233
 Fire: Shortbow          |       |       |    69 |    19 ||    88
Invok: Berserk           |       |     2 |     4 |     1 ||     7
       Burn Spellbooks   |       |       |     1 |       ||     1
       Trog's Hand       |       |       |       |     1 ||     1
Evoke: Wand              |       |       |     1 |     1 ||     2
  Use: Potion            |     5 |     2 |     7 |     1 ||    15
       Scroll            |       |       |    11 |       ||    11
  Eat: Chunk             |     2 |     6 |    18 |     2 ||    28
Armor: Animal skin       |     2 |       |       |       ||     2
       Scale mail        |    29 |    50 |     5 |       ||    84
       Plate armour      |       |       |   181 |    90 ||   271
Dodge: Dodged            |    48 |    57 |   161 |    69 ||   335
